 Dungeon Crawl Stone Soup version 0.19.0-19-g8c6edcc (webtiles) character file.

13617 leglesslizard the Blocker (level 11, 0/99 HPs)
             Began as a Deep Dwarf Berserker on Nov 14, 2016.
             Was a Priest of Trog.
             Killed from afar by a deep elf knight (28 damage)
             ... with a shard of ice
             ... on level 2 of the Orcish Mines.
             The game lasted 01:19:56 (10472 turns).

leglesslizard the Blocker (Deep Dwarf Berserker)   Turns: 10472, Time: 01:19:58

Health: 0/99       AC: 21    Str: 24    XL:     11   Next: 77%
Magic:  3/3        EV:  8    Int:  8    God:    Trog [***...]
Gold:   1441       SH: 12    Dex: 12    Spells: 0 memorised, 10 levels left

rFire  + . .     SeeInvis +     j - +0 falchion (vamp)
rCold  . . .     Gourm    .     h - +0 plate armour {rF+}
rNeg   + . .     Faith    .     e - +0 shield
rPois  .         Spirit   .     b - +1 helmet
rElec  .         Reflect  .     i - +0 cloak
rCorr  .         Harm     .     (no gloves)
MR     +....                    Y - +0 pair of boots
Stlth  ..........               (no amulet)
                                M - +3 ring of protection
                                U - ring "Miluen" {rN+ SInv}

@: exhausted, non-regenerating, slowed, very slow
A: damage resistance, recharge devices, sense surroundings 2, slow regeneration
3
a: Device Recharging, Berserk, Trog's Hand, Burn Spellbooks, Renounce Religion


You were on level 2 of the Orcish Mines.
You worshipped Trog.
Trog was most pleased with you.
You were not hungry.

You visited 3 branches of the dungeon, and saw 14 of its levels.

You collected 1441 gold pieces.

Inventory:

Hand Weapons
 d - a +2 spear of freezing
 j - a +0 vampiric falchion (weapon)
 l - a +2 war axe
 G - a +2 bardiche
Missiles
 y - 10 javelins (quivered)
 B - 5 steel javelins
Armour
 b - a +1 helmet (worn)
 e - a +0 shield (worn)
 g - a +1 ring mail of magic resistance
 h - a +0 plate armour of fire resistance (worn)
 i - a +0 cloak (worn)
 D - a +1 ring mail of poison resistance
 Y - a +0 pair of boots (worn)
Jewellery
 o - an uncursed ring of stealth
 M - a +3 ring of protection (right hand)
 U - the ring "Miluen" (left hand) {rN+ SInv}
   (You found it on level 9 of the Dungeon)

   [ring of see invisible]

   It protects you from negative energy.
   It lets you see invisible.
Wands
 c - a wand of heal wounds (1/9)
 w - a wand of enslavement (10/24)
 X - a wand of iceblast (14/15)
Scrolls
 a - a scroll of noise {unknown}
 k - 2 scrolls of identify
 x - 3 scrolls of recharging {unknown}
 E - 3 scrolls of fog
 F - a scroll of silence {unknown}
 I - 2 scrolls of remove curse
 L - a scroll of vulnerability {unknown}
 N - a scroll of brand weapon {unknown}
 P - 3 scrolls of enchant weapon {unknown}
 Q - a scroll of magic mapping {unknown}
 T - 2 scrolls of amnesia {unknown}
 W - a scroll of immolation {unknown}
Potions
 m - a potion of flight {unknown}
 n - a potion of mutation {unknown}
 p - a potion of resistance
 r - a potion of lignification {unknown}
 s - a potion of cure mutation {unknown}
 t - a potion of magic
 u - 2 potions of degeneration {unknown}
 v - a potion of cancellation {unknown}
 z - a potion of curing
 R - a potion of brilliance {unknown}
Comestibles
 q - 23 fruits
 C - a beef jerky


   Skills:
 + Level 6.6 Fighting
   Level 0.1(0.3) Short Blades
 + Level 0.6 Long Blades
 + Level 6.7(9.6) Axes
 + Level 9.0(9.7) Polearms
 + Level 4.5 Throwing
 + Level 8.2 Armour
 + Level 5.7 Dodging
 + Level 2.3 Stealth
 + Level 10.3 Shields
 + Level 1.6 Evocations


You had 10 spell levels left.
You didn't know any spells.

Dungeon Overview and Level Annotations

Branches:
Dungeon (11/15)            Temple (0/1) D:6             Orc (2/2) D:11
    Elf (1/3) Orc:2
   Lair: D:8-11

Altars:

Shops:
D:4 :   Orc:1 (

Annotations:
Orc:1 Erica, Harold


Innate Abilities, Weirdness & Mutations

You are resistant to damage.
You can recharge devices by infusing magical energy.
You passively map the area around you.
You do not regenerate.


Message History

The shard of ice hits you!
* * * LOW HITPOINT WARNING * * *
You barely miss the deep elf knight.
The deep elf knight is almost dead.
The deep elf knight gestures wildly while chanting.
The deep elf knight flickers and vanishes for a moment.
You block the deep elf knight's attack.
Zapping:
c - a wand of heal wounds (3/9)
Press: ? - help, Shift-Dir - straight line, f - you You feel much better.
This wand has 2 charges left.
The deep elf knight hits you with a scimitar!
Zapping:
c - a wand of heal wounds (2/9)
Press: ? - help, Shift-Dir - straight line, f - you You feel much better.
This wand has 1 charge left.
The deep elf knight gestures at you while chanting.
The shard of ice hits you!
* * * LOW HITPOINT WARNING * * *
The deep elf knight points at you and mumbles some strange words.
The shard of ice hits you!
You die...

##To...(....,,
#...........
#............#
##.........<..
#............
###............
####†.............
##e#.).............
#.@)).......###....
##†.........#####..
##..#.......##...<
##.#.............
###.............
#.............
##............
###..........
##.........#


You could see a deep elf knight (invisible).

Vanquished Creatures
  Urug (Orc:1)
  An unseen horror (D:10)
  A sixfirhy (D:10)
  Pikel (D:6)
  2 hill giants (D:10)
  2 orc knights
  Psyche (D:10)
  2 trolls
  A hippogriff (D:7)
  A wyvern (D:9)
  A wraith (D:10)
  16 yaks
  Grum (D:9)
  A hungry ghost (D:9)
  2 wargs (Orc:2)
  13 orc warriors
  A slave (D:6)
  2 ice beasts
  2 sky beasts
  4 phantoms
  4 ogres
  2 wolves (D:9)
  A centaur (D:10)
  A crocodile (D:11)
  3 bullfrogs
  A water moccasin zombie (D:9)
  A scorpion (D:10)
  11 killer bees
  A wight (D:10)
  2 howler monkeys
  A bullfrog zombie (D:7)
  4 crimson imps
  A bullfrog skeleton (D:4)
  3 jellies
  16 orc priests
  8 hounds
  An iguana (D:6)
  Ijyb (D:3)
  16 orc wizards
  9 worker ants
  A hound zombie (D:7)
  A hound skeleton (D:11)
  Robin (D:4)
  3 gnolls (D:7)
  A howler monkey skeleton (D:7)
  10 adders
  6 river rats
  2 shadow imps
  2 oozes
  An adder skeleton (D:6)
  3 worms
  A dart slug (D:1)
  7 leopard geckos
  60 orcs
  9 giant cockroaches
  17 goblins
  11 hobgoblins
  2 jackals (D:7)
  8 kobolds
  7 quokkas
  2 ball pythons
  17 bats
  23 rats
  3 fungi
341 creatures vanquished.

Vanquished Creatures (others)
  A warg (Orc:2)
  A phantom (D:6)
  A bullfrog (D:6)
  A quokka (D:6)
  3 fungi (D:11)
  A plant (D:11)
8 creatures vanquished.

Grand Total: 349 creatures vanquished

Notes
Turn   | Place    | Note
-------+----------+-------------------------------------------
     0 | D:1      | leglesslizard the Deep Dwarf Berserker began the quest for the Orb.
     0 | D:1      | Reached XP level 1. HP: 20/20 MP: 1/1
   162 | D:1      | Reached XP level 2. HP: 21/27 MP: 2/2
   911 | D:2      | Reached XP level 3. HP: 29/34 MP: 3/3
   930 | D:2      | Reached ** piety under Trog
  1555 | D:2      | Reached XP level 4. HP: 35/42 MP: 4/4
  1621 | D:3      | Noticed Ijyb
  1906 | D:3      | Reached skill level 1 in Shields
  2104 | D:3      | Reached skill level 1 in Stealth
  2293 | D:3      | Killed Ijyb
  2293 | D:3      | Reached XP level 5. HP: 37/49 MP: 4/4
  2738 | D:3      | Reached skill level 2 in Shields
  2769 | D:3      | Reached skill level 5 in Axes
  3335 | D:4      | Reached XP level 6. HP: 43/57 MP: 4/4
  3480 | D:4      | Noticed Robin
  3502 | D:4      | Killed Robin
  3594 | D:4      | Reached XP level 7. HP: 31/64 MP: 5/5
  3598 | D:4      | Reached *** piety under Trog
  4006 | D:4      | Found Feloesmi's Book Boutique.
  4059 | D:4      | Reached skill level 3 in Shields
  4144 | D:5      | Entered Level 5 of the Dungeon
  4340 | D:5      | Reached skill level 1 in Polearms
  4340 | D:5      | Reached skill level 1 in Evocations
  4549 | D:6      | Reached skill level 5 in Armour
  4561 | D:6      | Noticed Pikel
  4590 | D:6      | Killed Pikel
  4590 | D:6      | Reached skill level 4 in Shields
  4590 | D:6      | Reached XP level 8. HP: 73/73 MP: 6/6
  4706 | D:6      | Reached skill level 5 in Shields
  4932 | D:6      | Found a staircase to the Ecumenical Temple.
  5584 | D:7      | Gained mutation: You passively map the area around you. [Deep Dwarf growth]
  5584 | D:7      | Reached XP level 9. HP: 74/80 MP: 7/7
  5638 | D:7      | Reached skill level 1 in Throwing
  5662 | D:7      | Reached skill level 5 in Polearms
  6226 | D:8      | You fall through a shaft!
  6238 | D:9      | Reached **** piety under Trog
  6377 | D:9      | Reached skill level 5 in Fighting
  6404 | D:9      | Reached skill level 6 in Shields
  6449 | D:9      | Got a warped platinum ring
  6452 | D:9      | Identified the ring "Miluen" {rN+ SInv} (You found it on level 9 of the Dungeon)
  6723 | D:9      | Reached skill level 5 in Dodging
  6792 | D:9      | Noticed Grum
  6817 | D:9      | Killed Grum
  7179 | D:9      | Noticed a troll
  7187 | D:9      | Killed a troll
  7187 | D:9      | Reached skill level 7 in Shields
  7187 | D:9      | Reached XP level 10. HP: 88/88 MP: 8/8
  7952 | D:10     | Entered Level 10 of the Dungeon
  8057 | D:10     | Noticed a hill giant
  8068 | D:10     | Killed a hill giant
  8168 | D:10     | Noticed a hill giant
  8182 | D:10     | Killed a hill giant
  8246 | D:10     | Noticed Psyche
  8263 | D:10     | Killed Psyche
  8357 | D:10     | Noticed an unseen horror
  8393 | D:10     | Reached skill level 8 in Shields
  8396 | D:10     | Killed an unseen horror
  8497 | D:10     | Received a gift from Trog
  8507 | D:10     | Found a runed door.
  8681 | D:10     | Reached XP level 11. HP: 87/97 MP: 9/9
  8914 | D:10     | Noticed a sixfirhy
  8954 | D:10     | Killed a sixfirhy
  8954 | D:10     | Reached skill level 9 in Shields
  9318 | D:11     | Found a staircase to the Orcish Mines.
  9373 | Orc:1    | Entered Level 1 of the Orcish Mines
  9634 | Orc:1    | Noticed Urug
  9658 | Orc:1    | Killed Urug
  9723 | Orc:1    | Found Apritesk's Antique Weapon Shoppe.
  9821 | Orc:1    | Noticed Erica
  9823 | Orc:1    | Noticed Harold
  9927 | Orc:2    | Entered Level 2 of the Orcish Mines
  9927 | Orc:2    | Noticed an orc knight
  9927 | Orc:2    | Noticed an orc knight
 10022 | Orc:1    | Killed an orc knight
 10022 | Orc:1    | Reached skill level 10 in Shields
 10158 | Orc:2    | Killed an orc knight
 10333 | Orc:2    | Found a staircase to the Elven Halls.
 10390 | Elf:1    | Entered Level 1 of the Elven Halls
 10390 | Elf:1    | Noticed a long sword of flaming
 10390 | Elf:1    | Noticed a deep elf knight
 10390 | Elf:1    | Noticed a deep elf mage
 10472 | Orc:2    | Killed from afar by a deep elf knight

Skill      XL: |  1  2  3  4  5  6  7  8  9 10 11 |
---------------+----------------------------------+-----
Fighting       | 3 4 5 6 |  6.6
Axes           | 4 5 6 |  6.7
Shields        | 1 2 4 5 7 8 10 | 10.3
Stealth        | 1 2 |  2.3
Armour         | 3 4 5 6 7 8 |  8.2
Dodging        | 3 4 5 |  5.7
Polearms       | 3 4 6 8 9 |  9.0
Evocations     | 1 |  1.6
Throwing       | 3 4 |  4.5
Short Blades   | |  0.1
Long Blades    | |  0.6

Action                   |  1- 3 |  4- 6 |  7- 9 | 10-12 || total
-------------------------+-------+-------+-------+-------++-------
Melee: Hand axe          |   169 |   388 |     4 |       ||   561
       Dagger            |       |    41 |       |       ||    41
       Spear             |       |       |   546 |   598 ||  1144
       Falchion          |       |       |       |    98 ||    98
       War axe           |       |       |       |    29 ||    29
Throw: Tomahawk          |       |       |    56 |    13 ||    69
       Stone             |       |       |    30 |     8 ||    38
       Javelin           |       |       |       |    58 ||    58
Invok: Berserk           |       |     3 |     7 |    13 ||    23
       Trog's Hand       |       |     4 |    11 |    31 ||    46
       Burn Spellbooks   |       |     1 |     1 |       ||     2
 Abil: Device Recharging |       |     2 |       |     7 ||     9
Evoke: Wand              |     2 |     8 |     3 |    21 ||    34
  Use: Scroll            |     2 |     6 |     1 |     6 ||    15
       Potion            |       |     1 |       |    10 ||    11
 Stab: Sleeping          |     6 |     4 |       |       ||    10
  Eat: Bread ration      |     1 |     1 |     2 |     1 ||     5
       Beef jerky        |       |     3 |       |       ||     3
       Royal jelly       |       |     1 |       |       ||     1
       Fruit             |       |       |     3 |       ||     3
       Pizza             |       |       |     2 |       ||     2
       Meat ration       |       |       |     3 |     6 ||     9
Armor: Leather armour    |    39 |    81 |       |       ||   120
       Scale mail        |       |    45 |   230 |       ||   275
       Plate armour      |       |       |     4 |   324 ||   328
       Troll leather arm |       |       |       |     6 ||     6
Dodge: Dodged            |    53 |   154 |   172 |   232 ||   611
Block: Shield            |    52 |   169 |   267 |   515 ||  1003
       Rpst.: Falchion   |       |       |       |    20 ||    20
